 Dungeon Crawl Stone Soup version 0.21-a0-171-g0f4a3b6 (webtiles) character file.

13248 Lavandula the Severer (level 12, 68/86 HPs)
             Began as a Formicid Artificer on Aug 7, 2017.
             Was a Follower of Hepliaklqana.
             Quit the game on level 14 of the Dungeon.
             The game lasted 00:46:14 (6021 turns).

Lavandula the Severer (Formicid Artificer)          Turns: 6021, Time: 00:46:14

Health: 68/86      AC: 15    Str: 19    XL:     12   Next: 30%
Magic:  23/23      EV: 14    Int: 12    God:    Hepliaklqana [*.....]
Gold:   246        SH:  0    Dex: 17    Spells: 11/11 levels left

rFire    + + .     SeeInvis +   I - +0 battleaxe
rCold    . . .     Gourm    .   (no shield)
rNeg     . . .     Faith    .   s - +1 scale mail
rPois    +         Spirit   .   (helmet unavailable)
rElec    .         Reflect  .   m - +1 cloak
rCorr    .         Harm     .   k - +2 pair of gloves
MR       +....                  (no boots)
Stlth    +.........             (no amulet)
HPRegen  0.64/turn              i - ring of Youthful Indiscretion {rF+ MP+9}
MPRegen  0.18/turn              (no ring)

@: no status effects
A: permanent stasis, dig shafts and tunnels, four strong arms, reduced essence,
antennae 3, repulsion field 1, agile 1, blurry vision 1, deterioration 1, fire
resistance 1, poison resistance, regeneration 1, robust 1, strong 1
a: Dig, Shaft Self, Recall Ancestor, Ancestor Identity, Renounce Religion


You were on level 14 of the Dungeon.
You worshipped Hepliaklqana.
Hepliaklqana was aware of your devotion.
You were not hungry.

You visited 2 branches of the dungeon, and saw 15 of its levels.

You collected 246 gold pieces.

Inventory:

Hand Weapons
 a - a +0 short sword
 l - a +0 hand axe
 r - a +0 mace of draining
 E - a +1 flail of holy wrath
 I - a +0 battleaxe (weapon)
Missiles
 D - a throwing net (quivered)
Armour
 b - a +0 leather armour
 k - a +2 pair of gloves (worn)
 m - a +1 cloak (worn)
 s - a +1 scale mail (worn)
Jewellery
 i - the ring of Youthful Indiscretion (left hand) {rF+ MP+9}
   (You found it on level 14 of the Dungeon)

   [ring of magical power]

   It protects you from fire.
   It affects your magic capacity (+9).
Wands
 c - a wand of flame (2/48)
 d - a wand of enslavement (6/24)
 e - a wand of random effects (5/48)
 p - a wand of flame (24/48)
 z - a wand of lightning (10/15)
 B - a wand of random effects (0/48)
 G - a wand of polymorph (17/24)
 H - a wand of polymorph (21/24)
Scrolls
 g - a scroll of amnesia
 n - 5 scrolls of remove curse
 o - a scroll of holy word {unknown}
 v - a scroll of recharging
 x - a scroll of enchant weapon
Potions
 j - a potion of lignification {unknown}
 t - a potion of flight {unknown}
 u - 3 potions of haste
 w - a potion of curing {unknown}
 C - a potion of cancellation {unknown}
 J - a potion of magic {unknown}
 K - a potion of degeneration {unknown}
Comestibles
 f - 4 bread rations
 h - 4 royal jellies
 q - 4 meat rations
 A - 4 fruits


   Skills:
 - Level 5.0 Fighting
 - Level 1.8 Short Blades
 + Level 15.2 Axes
 - Level 8.3 Armour
 - Level 4.3 Dodging
 - Level 1.2 Stealth
 - Level 3.2 Evocations


You had 11 spell levels left.
You didn't know any spells.

Dungeon Overview and Level Annotations

Branches:
Dungeon (15/15)            Temple (1/1) D:7            Lair (0/6) D:9
    Orc: D:9-12      Vaults: D:13-14     Depths: D:15

Altars:
Dithmenos
Elyvilon
Fedhas
Gozag
Hepliaklqana
Kikubaaqudgha
Nemelex Xobeh
Okawaru
Qazlal
Ru
Sif Muna
Uskayaw
Wu Jian
Xom

Annotations:
D:6 Nvm9's ghost, novice DgFi
D:9 Arkorax's ghost, journeyman BaMo; Gastronok; Grum


Innate Abilities, Weirdness & Mutations

You cannot be hasted, slowed, berserked, paralysed or teleported.
You can dig through walls and to a lower floor.
Your four strong arms can wield two-handed weapons with a shield.
You have a pair of large antennae on your head. (SInv)
Your life essence is reduced to manifest your ancestor. (-10% HP)
You are surrounded by a mild repulsion field. (EV +2)
You are agile. (Dex +2)
Scrolls take you a little longer to read.
Your body sometimes deteriorates upon taking damage.
Your flesh is heat resistant. (rF+)
Your system is resistant to poisons. (rPois)
Your natural rate of healing is unusually fast.
You are robust. (+10% HP)
Your muscles are strong. (Str +2)


Message History

This meat tastes really weird.
You eat the mutagenic chunk of flesh.
This meat tastes really weird.
You swap places.
You see here 20 stones.
You see here an arrow.
You see here an ugly thing corpse.
You butcher the ugly thing corpse.
You see here 4 mutagenic chunks of flesh.
You eat one of the 4 mutagenic chunks of flesh.
This meat tastes really weird.
You begin to heal more quickly.
You eat one of the 3 mutagenic chunks of flesh.
This meat tastes really weird.
You feel robust.
You sense a monster nearby.
A purple ugly thing comes into view.
Welcome back, Lavandula the Formicid Artificer.
Hepliaklqana says: Through your memory, the past survives and persists.
Press ? for a list of commands and other information.
Are you sure you want to abandon this character and quit the game? (Confirm with "yes".)

.u. # #.. #
.. # c.. #
##.##.# #.#
..#.#...#. #
........
#...### ..
#.# #.@R.# ..
... ####.#
.### #.# #.#
ยง ..# #.#
##.#
#.###.####.##
#..# #.......
...# #.##
####..)###..#
#.#
..<...))(.((#
#.#
####..)####(#
#.#


You could see the friendly Cenhelm the ancestor and a purple ugly thing
(wandering).

Vanquished Creatures
  A hydra (D:12)
  A centaur warrior (D:14)
  A two-headed ogre (D:14)
  2 unseen horrors (D:14)
  A deep elf mage (D:14)
  A manticore (D:12)
  4 ugly things
  A kobold demonologist (D:8)
  3 slime creatures (D:14)
  3 hippogriffs
  4 yaks (D:14)
  A basilisk (shapeshifter) (D:12)
  A basilisk (D:14)
  A killer bee (D:8)
  2 soldier ants (D:14)
  An ice beast (D:8)
  A sky beast (D:7)
  A phantom (D:14)
  2 ogres
  5 centaurs
  2 wolves (D:9)
  4 bullfrogs
  11 big kobolds (D:8)
  A hornet simulacrum (D:14)
  2 scorpions
  4 wights (D:9)
  3 howler monkeys
  A bullfrog zombie (D:9)
  3 centaur zombies
  2 crimson imps (D:5)
  4 hounds
  4 orc priests
  A bullfrog skeleton (D:5)
  4 iguanas
  An ancestor (D:12)
  Ijyb (D:3)
  11 orc wizards
  3 worker ants
  A hound zombie (D:8)
  A howler monkey zombie (D:7)
  4 adders
  A gnoll (D:8)
  2 shadow imps
  2 adder skeletons (D:7)
  2 worms (D:3)
  A dart slug (D:5)
  5 leopard geckos
  35 orcs
  5 giant cockroaches
  A hobgoblin (D:3)
  7 quokkas
  3 bats
  3 frilled lizards (D:1)
  A jackal skeleton (D:7)
  8 kobolds
  A quokka skeleton (D:6)
  24 rats
206 creatures vanquished.

Vanquished Creatures (collateral kills)
  A wizard (D:14)
  An ugly thing (D:14)
  A kobold demonologist (D:14)
  A slime creature (D:14)
  A yak (D:14)
  A steam dragon (D:8)
  An ice beast (D:9)
  An ogre (D:8)
  An eye of draining (shapeshifter) (D:14)
  A centaur (D:14)
  A bullfrog (D:14)
  A scorpion (D:12)
  2 killer bees
  3 crimson imps
  A bullfrog zombie (D:12)
  An orc priest (D:8)
  A centaur skeleton (D:9)
  An iguana (D:9)
  An orc wizard (D:8)
  A worker ant (D:9)
  3 gnolls (D:8)
  An adder zombie (D:7)
  9 orcs
  A quokka (D:9)
37 creatures vanquished.

Vanquished Creatures (others)
  An ugly thing (D:14)
  2 slime creatures (D:14)
  A yak (D:14)
  2 killer bees
  10 ancestors
16 creatures vanquished.

Grand Total: 259 creatures vanquished

Notes
Turn   | Place    | Note
-------+----------+-------------------------------------------
     0 | D:1      | Lavandula the Formicid Artificer began the quest for the Orb.
     0 | D:1      | Reached XP level 1. HP: 15/15 MP: 3/3
   140 | D:1      | Reached XP level 2. HP: 19/21 MP: 4/4
   268 | D:3      | Reached skill level 1 in Axes
   385 | D:3      | Reached XP level 3. HP: 18/26 MP: 5/5
   419 | D:3      | Reached skill level 2 in Axes
   832 | D:3      | Reached XP level 4. HP: 32/32 MP: 6/6
   845 | D:3      | Gained mutation: Your magical capacity is low. (-10% MP) [potion of mutation]
   845 | D:3      | Gained mutation: You passively map a small area around you. [potion of mutation]
   852 | D:3      | Reached skill level 3 in Axes
   863 | D:3      | Noticed Ijyb
   880 | D:3      | Killed Ijyb
   880 | D:3      | Reached XP level 5. HP: 31/37 MP: 6/6
   991 | D:3      | Reached skill level 4 in Axes
  1346 | D:4      | Noticed a centaur
  1518 | D:4      | Reached skill level 5 in Axes
  1518 | D:4      | Reached XP level 6. HP: 40/43 MP: 7/7
  1557 | D:4      | Reached skill level 6 in Axes
  1642 | D:5      | Entered Level 5 of the Dungeon
  1698 | D:5      | Found a sparkling altar of Nemelex Xobeh.
  1713 | D:5      | Reached XP level 7. HP: 45/48 MP: 8/8
  2087 | D:5      | Reached skill level 7 in Axes
  2092 | D:5      | Found a shadowy altar of Dithmenos.
  2372 | D:6      | Lost mutation: You passively map a small area around you. [potion of mutation]
  2372 | D:6      | Lost mutation: Your magical capacity is low. (-10% MP) [potion of mutation]
  2372 | D:6      | Gained mutation: You are frail. (-10% HP) [potion of mutation]
  2372 | D:6      | Gained mutation: You are agile. (Dex +2) [potion of mutation]
  2372 | D:6      | Gained mutation: Scrolls take you a little longer to read. [potion of mutation]
  2372 | D:6      | Gained mutation: You are surrounded by a mild repulsion field. (EV +2) [potion of mutation]
  2416 | D:6      | Reached XP level 8. HP: 46/48 MP: 10/10
  2419 | D:6      | Noticed Nvm9's ghost (novice DgFi)
  2602 | D:7      | Found a white marble altar of Elyvilon.
  2765 | D:7      | Reached skill level 5 in Fighting
  2805 | D:7      | Found a staircase to the Ecumenical Temple.
  2822 | Temple   | Entered the Ecumenical Temple
  2830 | Temple   | Became a worshipper of Hepliaklqana the Forgotten
  2872 | D:7      | You fall through a shaft!
  3202 | D:8      | Found a shimmering altar of Xom.
  3203 | D:8      | Found a shimmering altar of Xom.
  3203 | D:8      | Found a shimmering altar of Xom.
  3203 | D:8      | Found a shimmering altar of Xom.
  3204 | D:8      | Found a shimmering altar of Xom.
  3248 | D:8      | Reached XP level 9. HP: 33/54 MP: 11/11
  3320 | D:8      | Reached skill level 1 in Armour
  3658 | D:9      | Reached skill level 5 in Armour
  3740 | D:9      | Found a deep blue altar of Sif Muna.
  3956 | D:8      | Noticed a kobold demonologist
  3997 | D:8      | Killed a kobold demonologist
  4081 | D:8      | Reached skill level 8 in Axes
  4081 | D:8      | Reached XP level 10. HP: 41/59 MP: 12/12
  4106 | D:8      | Reached skill level 9 in Axes
  4396 | D:9      | Noticed Gastronok
  4703 | D:9      | Noticed Arkorax's ghost (journeyman BaMo)
  4759 | D:9      | Found a staircase to the Lair.
  4759 | D:9      | Noticed a death yak
  4762 | D:9      | Noticed a death yak
  4762 | D:9      | Noticed a death yak
  4768 | D:9      | Noticed a death yak
  4768 | D:9      | Noticed a death yak
  4886 | D:9      | Noticed Grum
  4902 | D:9      | Reached skill level 10 in Axes
  4941 | D:10     | Entered Level 10 of the Dungeon
  5011 | D:12     | Noticed a seven-headed hydra
  5039 | D:12     | Killed a seven-headed hydra
  5039 | D:12     | Reached skill level 11 in Axes
  5104 | D:12     | Reached * piety under Hepliaklqana
  5135 | D:12     | Noticed a manticore
  5150 | D:12     | Killed a manticore
  5150 | D:12     | Reached XP level 11. HP: 32/63 MP: 13/13
  5189 | D:12     | Lost mutation: You are frail. (-10% HP) [mutagenic meat]
  5192 | D:12     | Noticed a cyan ugly thing
  5207 | D:12     | Killed a cyan ugly thing
  5207 | D:12     | Reached skill level 12 in Axes
  5211 | D:12     | Gained mutation: Your muscles are strong. (Str +2) [mutagenic meat]
  5229 | D:12     | You fall through a shaft for 2 floors!
  5283 | D:14     | Got a fine amber ring
  5284 | D:14     | Identified the ring of Youthful Indiscretion {rF+ MP+9} (You found it on level 14 of the Dungeon)
  5295 | D:14     | Noticed an unseen horror
  5337 | D:14     | Killed an unseen horror
  5358 | D:14     | Reached skill level 13 in Axes
  5501 | D:14     | Noticed a deep elf mage
  5513 | D:14     | Killed a deep elf mage
  5519 | D:14     | Noticed a centaur warrior
  5520 | D:14     | Noticed an unseen horror
  5543 | D:14     | Killed an unseen horror
  5554 | D:14     | You fall through a shaft!
  5554 | D:15     | Entered Level 15 of the Dungeon
  5698 | D:14     | Noticed a green ugly thing
  5698 | D:14     | Noticed a green ugly thing
  5698 | D:14     | Noticed a green ugly thing
  5699 | D:14     | Noticed a green ugly thing
  5710 | D:15     | Killed a green ugly thing
  5713 | D:15     | Gained mutation: Your body sometimes deteriorates upon taking damage. [mutagenic meat]
  5714 | D:15     | Gained mutation: Your flesh is heat resistant. (rF+) [mutagenic meat]
  5715 | D:15     | Gained mutation: Your system is resistant to poisons. (rPois) [mutagenic meat]
  5743 | D:14     | Reached skill level 14 in Axes
  5770 | D:14     | Noticed a wizard
  5774 | D:14     | Noticed a two-headed ogre
  5779 | D:14     | Killed a wizard
  5780 | D:14     | Killed a two-headed ogre
  5780 | D:14     | Reached XP level 12. HP: 54/77 MP: 14/14
  5915 | D:14     | Killed a centaur warrior
  5915 | D:14     | Reached skill level 15 in Axes
  5962 | D:14     | Gained mutation: Your natural rate of healing is unusually fast. [mutagenic meat]
  5963 | D:14     | Gained mutation: You are robust. (+10% HP) [mutagenic meat]
  6021 | D:14     | Quit the game

Vault maps used:
D:1:      minmay_arrival_four_circles
D:2:      cheibrodos_old_hovel, first_bread, kennysheep_generic_room_4,
          uniq_sigmund
D:3:      minmay_rat_hole, uniq_ijyb
D:5:      nicolae_overflow_crystal_walls, grunt_dithmenos_smoke
D:6:      serial_shops, shop, minmay_misc_feat_enclosed, uniq_menkaure
D:7:      elyvilon_altar_4, grunt_ogre_cave, st_stairs_6
D:8:      xom_redecorated, special_room
D:9:      kennysheep_mini, dpeg_lair_monsters, uniq_grum, uniq_gastronok
D:10:     uniq_snorg
D:11:     nicolae_trove_entry_crystal, statue_in_the_mist_lemuel, uniq_psyche
D:12:     erik_orc_1, portal_ice_cave_rime, minmay_misc_feat_tower, eino_jars
D:14:     lemuel_traditional_vault, david_vaults_2, lab_entry_generic,
          solitary_fountain
D:15:     gammafunk_depths_entry_grave, grunt_ministairs_2
Temple:   eino_narrow_crystal_temple

Skill      XL: |  1  2  3  4  5  6  7  8  9 10 11 12 |
---------------+-------------------------------------+-----
Axes           | 1 2 3 5 6 7 8 11 14 15 | 15.2
Fighting       | 5 |  5.0
Dodging        | 4 |  4.3
Armour         | 8 |  8.3
Short Blades   | |  1.8
Stealth        | |  1.2
Evocations     | |  3.2

Action                   |  1- 3 |  4- 6 |  7- 9 | 10-12 || total
-------------------------+-------+-------+-------+-------++-------
Melee: Short sword       |    55 |       |       |       ||    55
       Hand axe          |    52 |     4 |    66 |    12 ||   134
       Mace              |     4 |   139 |   403 |   207 ||   753
       Flail             |       |       |       |    36 ||    36
       Battleaxe         |       |       |       |   105 ||   105
Throw: Throwing net      |       |       |       |     1 ||     1
Invok: Recall Ancestor   |       |       |     1 |     3 ||     4
 Abil: Dig               |       |     2 |     2 |     5 ||     9
       Shaft Self        |       |       |     1 |     2 ||     3
Evoke: Wand              |     9 |     1 |     9 |    41 ||    60
  Use: Scroll            |     1 |       |     4 |     5 ||    10
       Potion            |       |     2 |     1 |     2 ||     5
 Stab: Sleeping          |     3 |       |       |       ||     3
       Confused          |       |     1 |       |       ||     1
       Distracted        |       |       |       |     5 ||     5
       Held in net/web   |       |       |       |     2 ||     2
       Betrayed ally     |       |       |       |     1 ||     1
  Eat: Chunk             |       |     3 |     9 |    20 ||    32
       Bread ration      |       |       |       |     1 ||     1
Armor: Leather armour    |    38 |     8 |       |       ||    46
       Scale mail        |       |    35 |   172 |   188 ||   395
Dodge: Dodged            |    80 |    71 |   276 |   233 ||   660
